3L
THUNDER BAY NORTHERN LIONS BC @ ECHO PARK LAKERS
05/07/2031
 
TOP OF THE 1ST
Thunder Bay Northern Lions BC batting - Pitching for Echo Park Lakers : RHP Kyle Boddy
Pitching: RHP Kyle Boddy
Batting: RHB Joe Aller 0-0: SINGLE (Groundball, 4MD)
Batting: RHB António Mendoza 0-0: Called Strike
0-1: Ball
1-1: Ball
2-1: Ball
3-1: Base on Balls
Joe Aller to second
Batting: RHB Xavier Pérez 0-0: Ball
1-0: Called Strike
1-1: Grounds into double play, U4-3 (Groundball, 6M)
Joe Aller to third
Batting: RHB Carlos Padilla 0-0: Ball
1-0: SINGLE (Groundball, 56D)
Joe Aller scores
Batting: LHB Luis Freitas 0-0: Ball
1-0: Fly out, F8 (Flyball, 8LXD)
Top of the 1st over - 1 run, 2 hits, 0 errors, 1 left on base; Thunder Bay 1 - Echo Park 0
BOTTOM OF THE 1ST
Echo Park Lakers batting - Pitching for Thunder Bay Northern Lions BC : RHP Rodas Aguilar
Pitching: RHP Rodas Aguilar
Batting: RHB Zhenya Worobtsoff 0-0: Ball
1-0: Ball
2-0: Fly out, F9 (Flyball, 89D)
Batting: RHB Miguel Morán 0-0: Ground out 5-3 (Groundball, 56)
Batting: RHB Guillermo Coss 0-0: Ball
1-0: SINGLE (Groundball, 34D)
Batting: RHB Yoshihito Samurakami 0-0: Ball
1-0: Called Strike
1-1: Ball
2-1: Foul Ball, location: 2F
2-2: Fly out, F6 (Line Drive, 6)
Bottom of the 1st over - 0 runs, 1 hit, 0 errors, 1 left on base; Thunder Bay 1 - Echo Park 0
TOP OF THE 2ND
Thunder Bay Northern Lions BC batting - Pitching for Echo Park Lakers : RHP Kyle Boddy
Batting: RHB Showander Descarte 0-0: Ground out 6-3 (Groundball, 6)
Batting: RHB Edgar Balerio 0-0: Fly out, F7 (Flyball, 7LDF)
Batting: RHB Augusto Encarnación 0-0: Swinging Strike
0-1: Ball
1-1: Called Strike
1-2: Foul Ball, location: 2F
1-2: Ground out 6-3 (Groundball, 56)
Top of the 2nd over - 0 runs, 0 hits, 0 errors, 0 left on base; Thunder Bay 1 - Echo Park 0
BOTTOM OF THE 2ND
Echo Park Lakers batting - Pitching for Thunder Bay Northern Lions BC : RHP Rodas Aguilar
Batting: LHB Stefan Vanderhoof 0-0: Foul Ball, location: 2F
0-1: Ball
1-1: Called Strike
1-2: Strikes out swinging
Batting: RHB Kumanosuke Abe 0-0: Ball
1-0: Foul Ball, location: 2F
1-1: Foul Ball, location: 2F
1-2: Foul Ball, location: 2F
1-2: Strikes out swinging
Batting: RHB Chris Harrell 0-0: Foul Ball, location: 2F
0-1: SINGLE (Flyball, 78S)
Batting: RHB Freddy Torres 0-0: Ball
1-0: Ball
2-0: Swinging Strike
2-1: Ball
3-1: Called Strike
3-2: Foul Ball, location: 2F
3-2: Foul Ball, location: 2F
3-2: Ground out 6-3 (Groundball, 56)
Bottom of the 2nd over - 0 runs, 1 hit, 0 errors, 1 left on base; Thunder Bay 1 - Echo Park 0
TOP OF THE 3RD
Thunder Bay Northern Lions BC batting - Pitching for Echo Park Lakers : RHP Kyle Boddy
Batting: RHB Zelmar Barajas 0-0: SINGLE (Line Drive, 6M)
Batting: RHB Joe Aller 0-0: Fielders Choice at 2nd, 5-4 (Groundball, 56)
Batting: RHB António Mendoza 0-0: Swinging Strike
0-1: Ball
1-1: Ball
2-1: Called Strike
2-2: Ball
3-2: Base on Balls
Joe Aller to second
Batting: RHB Xavier Pérez 0-0: Called Strike
0-1: Ball
Joe Aller steals 3rd base
António Mendoza to second
1-1: Ball
2-1: Ball
3-1: Foul Ball, location: 2F
3-2: Base on Balls
Batting: RHB Carlos Padilla 0-0: Foul Ball, location: 2F
0-1: Called Strike
0-2: Ball
1-2: Strikes out swinging
Batting: LHB Luis Freitas 0-0: Fly out, F8 (Flyball, 89M)
Top of the 3rd over - 0 runs, 1 hit, 0 errors, 3 left on base; Thunder Bay 1 - Echo Park 0
BOTTOM OF THE 3RD
Echo Park Lakers batting - Pitching for Thunder Bay Northern Lions BC : RHP Rodas Aguilar
Batting: RHB Ismael Sandoval 0-0: Ground out 4-3 (Groundball, 4)
Batting: RHB Zhenya Worobtsoff 0-0: SINGLE (Groundball, 56D)
Batting: RHB Miguel Morán 0-0: Ball
Zhenya Worobtsoff is caught stealing 2nd base
1-0: Foul Ball, location: 2F
1-1: Ball
2-1: Foul Ball, location: 2F
2-2: Strikes out swinging
Bottom of the 3rd over - 0 runs, 1 hit, 0 errors, 0 left on base; Thunder Bay 1 - Echo Park 0
TOP OF THE 4TH
Thunder Bay Northern Lions BC batting - Pitching for Echo Park Lakers : RHP Kyle Boddy
Batting: RHB Showander Descarte 0-0: Called Strike
0-1: Called Strike
0-2: Strikes out looking
Batting: RHB Edgar Balerio 0-0: Swinging Strike
0-1: Ball
1-1: Ball
2-1: Ball
3-1: Called Strike
3-2: Foul Ball, location: 2F
3-2: Strikes out swinging
Batting: RHB Augusto Encarnación 0-0: Ball
1-0: Fly out, F9 (Flyball, 9LS)
Top of the 4th over - 0 runs, 0 hits, 0 errors, 0 left on base; Thunder Bay 1 - Echo Park 0
BOTTOM OF THE 4TH
Echo Park Lakers batting - Pitching for Thunder Bay Northern Lions BC : RHP Rodas Aguilar
Batting: RHB Guillermo Coss 0-0: SINGLE (Line Drive, 5L)
Batting: RHB Yoshihito Samurakami 0-0: Ball
1-0: Fly out, F9 (Flyball, 9LS)
Batting: LHB Stefan Vanderhoof 0-0: Called Strike
Guillermo Coss steals 2nd base
0-1: Ball
1-1: Swinging Strike
1-2: Hit by Pitch
Batting: RHB Kumanosuke Abe 0-0: Ball
1-0: Swinging Strike
1-1: Swinging Strike
1-2: Ball
2-2: Ball
3-2: Fly out, F8 (Flyball, 8LS)
Batting: RHB Chris Harrell 0-0: Ball
1-0: Called Strike
1-1: Foul Ball, location: 2F
1-2: Strikes out looking
Bottom of the 4th over - 0 runs, 1 hit, 0 errors, 2 left on base; Thunder Bay 1 - Echo Park 0
TOP OF THE 5TH
Thunder Bay Northern Lions BC batting - Pitching for Echo Park Lakers : RHP Kyle Boddy
Batting: RHB Zelmar Barajas 0-0: Called Strike
0-1: Foul Ball, location: 2F
0-2: Ground out 4-3 (Groundball, 4)
Batting: RHB Joe Aller 0-0: Called Strike
0-1: SINGLE (Groundball, 6MD)
Batting: RHB António Mendoza 0-0: Called Strike
0-1: Ball
1-1: Ball
2-1: Foul Ball, location: 2F
2-2: Ball
3-2: Foul Ball, location: 2F
3-2: Strikes out swinging
Batting: RHB Xavier Pérez 0-0: Called Strike
0-1: Ball
1-1: Ball
2-1: Swinging Strike
2-2: Foul Ball, location: 2F
2-2: Foul Ball, location: 2F
2-2: Fielders Choice at 2nd, 5-4 (Groundball, 56)
Top of the 5th over - 0 runs, 1 hit, 0 errors, 1 left on base; Thunder Bay 1 - Echo Park 0
BOTTOM OF THE 5TH
Echo Park Lakers batting - Pitching for Thunder Bay Northern Lions BC : RHP Rodas Aguilar
Batting: RHB Freddy Torres 0-0: Foul Ball, location: 2F
0-1: Ball
1-1: Ground out 1-3 (Groundball, 13)
Batting: RHB Ismael Sandoval 0-0: Ball
1-0: Ball
2-0: Ball
3-0: Called Strike
3-1: Base on Balls
Batting: RHB Zhenya Worobtsoff 0-0: Ball
1-0: Fly out, F7 (Flyball, 78D)
Batting: RHB Miguel Morán 0-0: Ball
1-0: Foul Ball, location: 2F
1-1: Swinging Strike
1-2: Ball
2-2: Strikes out swinging
Bottom of the 5th over - 0 runs, 0 hits, 0 errors, 1 left on base; Thunder Bay 1 - Echo Park 0
TOP OF THE 6TH
Thunder Bay Northern Lions BC batting - Pitching for Echo Park Lakers : RHP Kyle Boddy
Batting: RHB Carlos Padilla 0-0: Ball
1-0: Foul Ball, location: 2F
1-1: Ground out 6-3 (Groundball, 6)
Batting: LHB Luis Freitas 0-0: SINGLE (Line Drive, 34D)
Batting: RHB Showander Descarte 0-0: Ball
Luis Freitas is caught stealing 2nd base
1-0: Called Strike
1-1: SINGLE (Line Drive, 78S)
Batting: RHB Edgar Balerio 0-0: Ball
1-0: Called Strike
1-1: Ball
2-1: Ball
3-1: Foul Ball, location: 2F
3-2: Fly out, F8 (Flyball, 8RS)
Top of the 6th over - 0 runs, 2 hits, 0 errors, 1 left on base; Thunder Bay 1 - Echo Park 0
BOTTOM OF THE 6TH
Echo Park Lakers batting - Pitching for Thunder Bay Northern Lions BC : RHP Rodas Aguilar
Batting: RHB Guillermo Coss 0-0: Called Strike
0-1: Foul Ball, location: 2F
0-2: Foul Ball, location: 2F
0-2: Foul Ball, location: 2F
0-2: Ball
1-2: Foul Ball, location: 2F
1-2: Ball
2-2: Ground out 6-3 (Groundball, 6)
Batting: RHB Yoshihito Samurakami 0-0: Ball
1-0: Fly out, F8 (Flyball, 8LS)
Batting: LHB Stefan Vanderhoof 0-0: Ball
1-0: Ball
2-0: Called Strike
2-1: Swinging Strike
2-2: Strikes out swinging
Bottom of the 6th over - 0 runs, 0 hits, 0 errors, 0 left on base; Thunder Bay 1 - Echo Park 0
TOP OF THE 7TH
Thunder Bay Northern Lions BC batting - Pitching for Echo Park Lakers : RHP Kyle Boddy
Batting: RHB Augusto Encarnación 0-0: Called Strike
0-1: Ball
1-1: Fly out, F6 (Line Drive, 56D)
Batting: RHB Zelmar Barajas 0-0: Ball
1-0: Called Strike
1-1: Swinging Strike
1-2: Ball
2-2: Strikes out looking
Batting: RHB Joe Aller 0-0: Called Strike
0-1: Ball
1-1: Ground out 4-3 (Groundball, 4)
Top of the 7th over - 0 runs, 0 hits, 0 errors, 0 left on base; Thunder Bay 1 - Echo Park 0
BOTTOM OF THE 7TH
Echo Park Lakers batting - Pitching for Thunder Bay Northern Lions BC : RHP Rodas Aguilar
Batting: RHB Kumanosuke Abe 0-0: Foul Ball, location: 2F
0-1: Ball
1-1: Fly out, F9 (Flyball, 89S)
Batting: RHB Chris Harrell 0-0: Called Strike
0-1: Ball
1-1: Fly out, F6 (Line Drive, 6)
Batting: RHB Freddy Torres 0-0: Fly out, F9 (Flyball, 89S)
Bottom of the 7th over - 0 runs, 0 hits, 0 errors, 0 left on base; Thunder Bay 1 - Echo Park 0
TOP OF THE 8TH
Thunder Bay Northern Lions BC batting - Pitching for Echo Park Lakers : RHP Kyle Boddy
Batting: RHB António Mendoza 0-0: Ball
1-0: DOUBLE (Line Drive, 78XD)
Batting: RHB Xavier Pérez 0-0: Called Strike
0-1: Ground out 6-3 (Groundball, 6)
António Mendoza to third
Batting: RHB Carlos Padilla 0-0: SINGLE (Groundball, 34D)
António Mendoza scores
Batting: LHB Luis Freitas 0-0: Ball
1-0: Swinging Strike
1-1: Foul Ball, location: 2F
1-2: Fielders Choice at 2nd, 6-4 (Groundball, 6)
Batting: RHB Showander Descarte 0-0: Foul Ball, location: 2F
0-1: Ball
1-1: Foul Ball, location: 2F
1-2: Foul Ball, location: 2F
1-2: Foul Ball, location: 2F
1-2: Ball
2-2: Ball
Wild Pitch!
Luis Freitas to second
3-2: Fly out, F7 (Flyball, 7LS)
Top of the 8th over - 1 run, 2 hits, 0 errors, 1 left on base; Thunder Bay 2 - Echo Park 0
BOTTOM OF THE 8TH
Echo Park Lakers batting - Pitching for Thunder Bay Northern Lions BC : RHP Rodas Aguilar
Batting: RHB Ismael Sandoval 0-0: Ball
1-0: Called Strike
1-1: SINGLE (Groundball, 5S) (infield hit)
Batting: RHB Zhenya Worobtsoff 0-0: Called Strike
0-1: Foul Ball, location: 2F
0-2: Strikes out swinging
Batting: RHB Miguel Morán 0-0: Ground out 4-3 (Groundball, 34)
Ismael Sandoval to second
Batting: RHB Guillermo Coss 0-0: Called Strike
0-1: Swinging Strike
0-2: Foul Ball, location: 2F
0-2: Ground out 4-3 (Groundball, 4)
Bottom of the 8th over - 0 runs, 1 hit, 0 errors, 1 left on base; Thunder Bay 2 - Echo Park 0
TOP OF THE 9TH
Thunder Bay Northern Lions BC batting - Pitching for Echo Park Lakers : RHP Kyle Boddy
Batting: RHB Edgar Balerio 0-0: Fly out, F8 (Line Drive, 8LM)
Batting: RHB Augusto Encarnación 0-0: Called Strike
0-1: Ball
1-1: Foul Ball, location: 2F
1-2: Ball
2-2: Ball
3-2: Foul Ball, location: 2F
3-2: Base on Balls
Pitching: RHP Júlio Saldańa
Batting: RHB Zelmar Barajas 0-0: Ball
1-0: Fielders Choice at 2nd, 1-6 (Groundball, 13)
Batting: RHB Joe Aller 0-0: Ball
Zelmar Barajas steals 2nd base
1-0: Ball
2-0: Ball
3-0: Called Strike
3-1: Foul Ball, location: 2F
3-2: DOUBLE (Line Drive, 78XD)
Zelmar Barajas scores
Batting: RHB António Mendoza 0-0: Ball
1-0: Ground out 3-1 (Groundball, 34S)
Top of the 9th over - 1 run, 1 hit, 0 errors, 1 left on base; Thunder Bay 3 - Echo Park 0
BOTTOM OF THE 9TH
Echo Park Lakers batting - Pitching for Thunder Bay Northern Lions BC : RHP Rodas Aguilar
Batting: RHB Yoshihito Samurakami 0-0: Called Strike
0-1: Foul Ball, location: 2F
0-2: DOUBLE (Line Drive, 7D)
Pitching: RHP Dino Moonglampers
Batting: LHB Stefan Vanderhoof 0-0: Foul Ball, location: 2F
0-1: Called Strike
0-2: Ball
1-2: Ball
2-2: Foul Ball, location: 2F
2-2: Fly out, F8 (Flyball, 8LS)
Batting: RHB Kumanosuke Abe 0-0: Ball
1-0: Ball
2-0: Called Strike
2-1: Fly out, F7 (Flyball, 7)
Batting: RHB Chris Harrell 0-0: Ball
1-0: Called Strike
1-1: Fly out, F6 (Popup, 6MD)
Bottom of the 9th over - 0 runs, 1 hit, 0 errors, 1 left on base; Thunder Bay 3 - Echo Park 0
Tuesday, June 12th, 2018 - OOTP Baseball 18.8 Build 76